 Dungeon Crawl Stone Soup version 0.30.1-4-g462c640d31 (webtiles) character file.

Game seed: 4404662207535136713

6845 Peloso the Carver (level 11, -1/95 HPs)
             Began as a Hill Orc Fighter on Aug 22, 2023.
             Was a Follower of Okawaru.
             Slain by an orc warrior
             ... wielding a +0 glaive
              (22 damage)
             ... in a bailey.
             The game lasted 00:16:35 (6046 turns).

Peloso the Carver (Hill Orc Fighter)                Turns: 6046, Time: 00:16:36

Health: -1/95      AC: 24    Str: 20    XL:     11   Next: 6%
Magic:  12/14      EV: 12    Int:  8    God:    Okawaru [*.....]
Gold:   478        SH:  7    Dex: 14    Spells: 10/10 levels left

rFire   . . .        a - +0 long sword
rCold   . . .        d - +0 buckler
rNeg    . . .        y - +0 chain mail
rPois   .            c - +1 helmet
rElec   .            s - +0 cloak
rCorr   .            p - +0 pair of gloves
SInv    .            k - +0 pair of boots
Will    +....        D - amulet of regeneration
Stlth   +            u - +4 ring of protection
HPRegen 1.15/turn    z - ring of willpower
MPRegen 0.14/turn

%: no passive effects
@: mighty, about to teleport, heroic, hasted (expiring), very quick
A: no striking features
a: Renounce Religion, Heroism


You were in a bailey.
You worshipped Okawaru.
Okawaru was aware of your devotion.
You visited 2 branches of the dungeon, and saw 9 of its levels.
You also visited: Bailey.

You collected 478 gold pieces.

Inventory:

Hand Weapons
 a - a +0 long sword (weapon)
 b - a +3 spear of flaming
Armour
 c - a +1 helmet (worn)
 d - a +0 buckler (worn)
 k - a +0 pair of boots (worn)
 p - a +0 pair of gloves (worn)
 s - a +0 cloak (worn)
 y - a +0 chain mail (worn)
Jewellery
 h - an amulet of magic regeneration
 u - a +4 ring of protection (left hand)
 x - a ring of wizardry
 z - a ring of willpower (right hand)
 D - an amulet of regeneration (around neck)
Scrolls
 e - a scroll of enchant armour
 f - 2 scrolls of vulnerability {unknown}
 l - a scroll of fog {unknown}
 m - 2 scrolls of torment {unknown}
 n - a scroll of butterflies {unknown}
 q - 3 scrolls of teleportation
 v - a scroll of magic mapping {unknown}
 w - a scroll of poison {unknown}
 B - a scroll of identify
 C - a scroll of fear {unknown}
 F - 3 scrolls of amnesia {unknown}
 H - a scroll of silence {unknown}
Potions
 g - 3 potions of magic
 i - 2 potions of ambrosia
 j - 6 potions of brilliance
 o - 2 potions of heal wounds
 r - 2 potions of cancellation
 t - 2 potions of invisibility
 A - 3 potions of haste
 E - 2 potions of flight
 G - 4 potions of curing
 I - a potion of might
 K - a potion of resistance


   Skills:
 + Level 8.9(13.9) Fighting
 + Level 11.1(16.1) Long Blades
 + Level 9.0(14.0) Armour
 + Level 4.1(9.1) Dodging
 + Level 3.4(8.4) Stealth
 + Level 7.3(12.3) Shields
 + Level 5.2 Invocations


You had 10 spell levels left.
You didn't know any spells.
Your spell library contained the following spells:

 Spells                   Type           Power      Damage    Failure   Level
 Necrotise                Necr           0%         1d4       92%         1
 Sandblast                Erth           0%         2d4       92%         1
 Passwall                 Tmut/Erth      0%         N/A       98%         2
 Poisonous Vapours        Pois/Air       0%         N/A       98%         2
 Inner Flame              Hex/Fire       0%         N/A       100%        3
 Mephitic Cloud           Conj/Pois/Air  0%         N/A       100%        3
 Stone Arrow              Conj/Erth      0%         3d7       100%        3
 Vampiric Draining        Necr           0%         2d6       100%        3
 Agony                    Necr           0%         N/A       100%        5
 Freezing Cloud           Conj/Ice/Air   0%         6-21      100%        5
 Yara's Violent Unravell  Hex/Tmut       0%         3d3       100%        5
 Enfeeble                 Hex            0%         N/A       100%        7


Dungeon Overview and Level Annotations

Branches:
Dungeon (8/15)             Temple (1/1) D:5          Bailey (1/1)
   Lair: D:8-11

Altars:
Ashenzari
Cheibriados
Dithmenos
Elyvilon
Fedhas
Gozag
Hepliaklqana
Kikubaaqudgha
Makhleb
Nemelex Xobeh
Okawaru
Qazlal
Ru
Sif Muna
Trog
Uskayaw
Vehumet
Wu Jian
Xom
Yredelemnul
Zin
The Shining One


Message History

You block the orc warrior's attack.
The orc knight hits you but does no damage.
You barely miss the orc knight.
The orc knight is moderately wounded.
Unknown command.
You slice the orc knight!!
The orc knight is severely wounded.
The orc warrior closely misses you. You block the orc warrior's attack.
An orc knight comes into view. It is wielding a +0 glaive.
The orc knight hits you but does no damage.
Unknown command.
The orc knight shouts!
You slash the orc knight!
The orc knight is almost dead.
Unknown command.
You closely miss the orc knight.
The orc knight is almost dead.
The orc warrior hits you from afar with a +0 glaive.
The orc warrior hits you with a +0 glaive!
The orc knight hits you with a +0 trident.
Unknown command.
You hit the orc knight but do no damage.
The orc knight is almost dead.
Unknown command.
You hit the orc knight.
The orc knight is almost dead.
The orc warrior closely misses you.
The orc warrior hits you with a +0 glaive.
The orc knight roars a battlecry!
The orc knight goes into a battle-frenzy!
The orc knight hits you with a +0 trident!
You hit the orc knight but do no damage.
The orc knight is almost dead.
Unknown command.
As you read the scroll labelled PYOMUIL LUPEXI, it crumbles to dust.
You feel strangely unstable.
It was a scroll of teleportation.
The orc warrior hits you from afar with a +0 glaive!
* * * LOW HITPOINT WARNING * * *
The orc warrior hits you with a +0 glaive!!
You die...

#.......#
#...o...#
#.......#
#.......#
#.......#
#...o...#
#.o...#
#o@'''#
##...).##
#....)..#
#.......#
#.......#
#..#.#..#
#...)...#
##.....##
##'''##


You could see 2 orc knights and 2 orc warriors.

Vanquished Creatures
  Pikel (D:5)
  An orc knight (Bailey)
  Prince Ribbit (D:5)
  Sigmund (D:4)
  A steam dragon (D:8)
  Menkaure (D:4)
  Edmund (D:4)
  3 orc warriors (Bailey)
  A sky beast (D:4)
  2 phantoms (D:6)
  3 centaurs
  2 lemures (D:5)
  Blork the orc (D:4)
  A kobold brigand (D:6)
  2 bullfrogs (D:6)
  A gnoll sergeant (D:7)
  2 scorpions (D:5)
  4 wights (D:7)
  A howler monkey (D:6)
  2 gnoll boudas
  A sleepcap (D:6)
  5 hounds
  Jessica (D:2)
  3 iguanas
  An orc wizard (D:6)
  11 gnolls
  6 adders
  A shadow imp (D:7)
  2 ufetubi
  3 dart slugs
  45 orcs
  7 endoplasms
  2 giant cockroaches (D:2)
  5 goblins
  4 hobgoblins
  3 jackals (D:1)
  10 kobolds
  2 quokkas
  13 ball pythons
  3 bats
  5 frilled lizards
  2 rats
167 creatures vanquished.

Notes
Turn   | Place    | Note
-------+----------+-------------------------------------------
     0 | D:1      | Peloso the Hill Orc Fighter began the quest for the Orb.
     0 | D:1      | Reached XP level 1. HP: 19/19 MP: 1/1
   179 | D:1      | Reached XP level 2. HP: 27/27 MP: 2/2
   366 | D:1      | Reached XP level 3. HP: 28/33 MP: 3/3
   404 | D:1      | Found a faded altar of an unknown god.
   880 | D:2      | Found a hazy altar of Hepliaklqana.
   892 | D:2      | Noticed Jessica
   897 | D:2      | Killed Jessica
  1043 | D:2      | Reached XP level 4. HP: 41/41 MP: 4/4
  1075 | D:2      | Reached skill level 3 in Long Blades
  1531 | D:3      | Found a shadowy altar of Dithmenos.
  1537 | D:3      | Found a snail-covered altar of Cheibriados.
  1540 | D:3      | Found a blossoming altar of Fedhas.
  1540 | D:3      | Found an ancient bone altar of Kikubaaqudgha.
  1554 | D:3      | Found a sparkling altar of Nemelex Xobeh.
  1725 | D:3      | Reached XP level 5. HP: 47/47 MP: 5/5
  2020 | D:4      | You fall into a shaft and drop 1 floor!
  2020 | D:5      | Entered Level 5 of the Dungeon
  2029 | D:5      | Reached skill level 4 in Long Blades
  2072 | D:5      | Reached XP level 6. HP: 28/53 MP: 6/6
  2204 | D:5      | Noticed Prince Ribbit
  2245 | D:5      | Killed Prince Ribbit
  2246 | D:5      | Reached skill level 5 in Long Blades
  2246 | D:5      | Reached skill level 1 in Dodging
  2246 | D:5      | Reached XP level 7. HP: 40/60 MP: 7/7
  2534 | D:5      | Noticed Pikel
  2561 | D:5      | Killed Pikel
  2562 | D:5      | Reached skill level 5 in Fighting
  2562 | D:5      | Reached skill level 6 in Long Blades
  2562 | D:5      | Reached skill level 5 in Armour
  2562 | D:5      | Reached XP level 8. HP: 31/68 MP: 8/8
  2690 | D:5      | Found a staircase to the Ecumenical Temple.
  2701 | Temple   | Entered the Ecumenical Temple
  2720 | Temple   | Became a worshipper of Warmaster Okawaru
  3008 | D:4      | Reached skill level 7 in Long Blades
  3507 | D:4      | Noticed Menkaure
  3522 | D:4      | Killed Menkaure
  3597 | D:4      | Noticed Blork the orc
  3625 | D:4      | Killed Blork the orc
  3625 | D:4      | Reached * piety under Okawaru
  3636 | D:4      | Noticed Edmund
  3662 | D:4      | Killed Edmund
  3663 | D:4      | Reached skill level 8 in Long Blades
  3689 | D:4      | Noticed Sigmund
  3710 | D:4      | Killed Sigmund
  3971 | D:6      | Reached XP level 9. HP: 75/75 MP: 9/9
  4093 | D:6      | Reached skill level 5 in Shields
  4254 | D:6      | Reached skill level 9 in Long Blades
  5237 | D:7      | Found a glowing golden altar of the Shining One.
  5657 | D:8      | Reached ** piety under Okawaru
  5660 | D:8      | Found a flagged portal.
  5696 | Bailey   | Entered a bailey
  5800 | Bailey   | Reached skill level 10 in Long Blades
  5914 | Bailey   | Reached skill level 11 in Long Blades
  5914 | Bailey   | Reached skill level 5 in Invocations
  5914 | Bailey   | Reached XP level 10. HP: 90/90 MP: 9/13
  5950 | Bailey   | Noticed an orc knight
  5996 | Bailey   | Killed an orc knight
  5997 | Bailey   | Reached XP level 11. HP: 86/95 MP: 12/14
  6023 | Bailey   | Noticed an orc knight
  6040 | Bailey   | Noticed an orc knight
  6046 | Bailey   | Slain by an orc warrior

Illustrated notes

Levels and vault maps discovered:
D:1:      lightli_arrival_noodles, layout_loops_ring, basic_ecumenical_altar,
          kennysheep_doodads, chequers_mini_garden
D:2:      layout_basic, basic_altar, uniq_jessica
D:3:      layout_basic, nicolae_overflow_hallway_of_the_gods,
          kennysheep_decorative_pillar, st_stairs_7
D:4:      layout_loops_ring, sigmund_edmund_badplayer, uniq_blork_the_orc,
          uniq_sigmund, uniq_menkaure
D:5:      layout_gridville, minmay_temple_entry_statues_pillars,
          uniq_prince_ribbit1, uniq_pikel
D:6:      layout_gridville
D:7:      statuecave_lemuel, layout_loops_cross, nicolae_tso_swordbearing_angel
D:8:      layout_loops_ring, enter_bailey_2, kennysheep_generic_room_7
Temple:   lightli_temple_of_artemis
Bailey:   bailey_polearm_5, bailey

Skill      XL: |  1  2  3  4  5  6  7  8  9 10 |
---------------+-------------------------------+-----
Fighting       | 4 5 6 8 |  8.9
Long Blades    | 3 4 5 6 8 11 | 11.1
Armour         | 4 5 6 8 9 |  9.0
Dodging        | 1 2 4 |  4.1
Shields        | 4 7 |  7.3
Stealth        | 3 |  3.4
Invocations    | 5 |  5.2

Action                     |  1- 3 |  4- 6 |  7- 9 | 10-12 || total
---------------------------+-------+-------+-------+-------++-------
  Melee: Long sword        |    83 |   140 |   532 |    47 ||   802
 Invoke: Heroism           |       |       |     4 |     3 ||     7
    Use: Scroll            |     1 |     5 |     7 |     1 ||    14
         Potion            |       |       |     4 |     2 ||     6
 Armour: Scale mail        |    55 |    58 |       |       ||   113
         Chain mail        |       |     7 |   374 |    12 ||   393
  Dodge: Dodged            |    59 |    63 |   245 |    20 ||   387
  Block: Buckler           |    38 |    32 |   136 |    12 ||   218
